 Dungeon Crawl Stone Soup version 0.26.1-11-gd32895ea62 (webtiles) character file.

Game seed: 18243273822629572000

492 JBAR the Digger (level 6, -4/53 HPs)
             Began as a Troll Earth Elementalist on July 9, 2021.
             Was a Follower of Yredelemnul.
             Slain by Menkaure (8 damage)
             ... on level 4 of the Dungeon.
             The game lasted 00:06:13 (2646 turns).

JBAR the Digger (Troll Earth Elementalist)          Turns: 2646, Time: 00:06:14

Health: -4/53      AC:  6    Str: 17    XL:     6   Next: 91%
Magic:  8/8        EV: 10    Int: 13    God:    Yredelemnul [*.....]
Gold:   207        SH:  0    Dex: 10    Spells: 5/9 levels left

rFire    . . .     SeeInvis .     - Unarmed
rCold    . . .     Faith    .   (no shield)
rNeg     . . .     Spirit   .   c - +0 robe
rPois    .         Reflect  .   (helmet restricted)
rElec    .         Harm     .   (no cloak)
rCorr    .         Rampage  .   (gloves unavailable)
Will     .....                  (boots unavailable)
Stlth    +.........             (no amulet)
HPRegen  0.57/turn              (no ring)
MPRegen  0.11/turn              (no ring)

@: no status effects
A: large, unfitting armour, claws 3, regeneration 1, shaggy fur 1, tough skin 3
a: Renounce Religion, Animate Remains


You were on level 4 of the Dungeon.
You worshipped Yredelemnul.
Yredelemnul was aware of your devotion.
You visited 1 branch of the dungeon, and saw 5 of its levels.

You collected 207 gold pieces.

Inventory:

Hand Weapons
 d - a +0 club
Missiles
 b - 96 stones
Armour
 c - a +0 robe (worn)
Scrolls
 a - a scroll of teleportation
 f - a scroll of magic mapping
 g - 2 scrolls of identify {unknown}
 m - a scroll of remove curse {unknown}
Potions
 h - a potion of heal wounds
 j - a potion of curing {unknown}
 k - a potion of haste {unknown}
 l - a potion of invisibility {unknown}


   Skills:
 + Level 0.1 Fighting
 * Level 1.8 Maces & Flails
 * Level 2.2 Dodging
 + Level 1.2 Stealth
 * Level 3.2 Unarmed Combat
 + Level 2.0 Spellcasting
 + Level 0.6 Transmutations
 * Level 5.0 Earth Magic


You had 5 spell levels left.
You knew the following spells:

 Your Spells              Type           Power        Failure   Level
a - Sandblast             Erth           28%          3%          1
b - Stone Arrow           Conj/Erth      14%          26%         3

Your spell library contained the following spells:

 Spells                   Type           Power        Failure   Level
 Passwall                 Tmut/Erth      6%           12%         2
 Petrify                  Tmut/Erth      8%           61%         4
 Lee's Rapid Deconstruct  Erth           7%           65%         5


Dungeon Overview and Level Annotations

Branches:
Dungeon (5/15)             Temple (0/1) D:4

Altars:
Ashenzari
Cheibriados
Elyvilon
Wu Jian
Yredelemnul
The Shining One

Portals:
Ossuary: D:4

Annotations:
D:4 Menkaure


Innate Abilities, Weirdness & Mutations

You are too large for most types of armour.
You have claws for hands.
Your natural rate of healing is unusually fast.
You are covered in fur. (AC +1)
You have extremely tough skin. (AC +3)


Message History

You scratch the worker ant.
You kill the worker ant!
Yredelemnul accepts your kill.
Your Earth Magic skill increases to level 5!
You barely miss Menkaure. Menkaure closely misses you.
You scratch Menkaure.
Menkaure is lightly damaged.
Menkaure hits you.
You scratch Menkaure but do no damage.
Menkaure is lightly damaged.
Menkaure barely misses you. Menkaure hits you!!
You scratch Menkaure but do no damage.
Menkaure is lightly damaged.
Menkaure hits you!!
* * * LOW HITPOINT WARNING * * *
You barely miss Menkaure.
Menkaure is lightly damaged.
Menkaure hits you!
You die...
Your body rises from the dead as a mindless zombie.

***,**,,,****,,#,**,**,,,***,***,
*,**,,,,,,,,,#.**,****** *,* *,
***,***********#.#,*,#######,* *,
,,,,,,,,* *..###.......,* *,
***,,,*,* **#.#.#******** *,
***,*,* *#.## *, *,*,*
#.#***********,
*,*,*##########.#,,,,,,,,,,,,
****,*,,......†@M..#,*,*********
**,,,,,,*#.#.....##.....#
,,,**,,,,........##.._..#
,,,,,,,,*##...∩..##._8_.#
********* ##.....##.._M.#
#............# ###..)......##
###########


You could see Menkaure (fast).

Vanquished Creatures
  Grinder (D:5)
  A worker ant (D:4)
  Natasha (thrice) (D:3)
  3 gnolls (D:2)
  8 adders
  A white imp (D:5)
  3 worms
  4 dart slugs
  A leopard gecko (D:1)
  11 orcs
  8 bats
  5 goblins
  3 hobgoblins
  2 jackals (D:2)
  5 kobolds
  2 frilled lizards
  8 rats
69 creatures vanquished.

Notes
Turn   | Place    | Note
-------+----------+-------------------------------------------
     0 | D:1      | JBAR the Troll Earth Elementalist began the quest for the
                  | Orb.
     0 | D:1      | Reached XP level 1. HP: 16/16 MP: 1/1
    73 | D:1      | Reached skill level 3 in Earth Magic
   299 | D:1      | Reached XP level 2. HP: 24/24 MP: 3/3
   990 | D:2      | Reached XP level 3. HP: 31/31 MP: 0/4
  1127 | D:2      | Learned a level 3 spell: Stone Arrow
  1160 | D:2      | Reached skill level 1 in Unarmed Combat
  1170 | D:2      | Reached skill level 1 in Maces & Flails
  1170 | D:2      | Reached XP level 4. HP: 14/39 MP: 1/5
  1258 | D:2      | Found a faded altar of an unknown god.
  1545 | D:2      | Found a white marble altar of Elyvilon.
  1748 | D:2      | Found a basalt altar of Yredelemnul.
  1764 | D:2      | Became a worshipper of Yredelemnul the Dark
  1832 | D:3      | Noticed Natasha
  1841 | D:3      | Killed Natasha
  1924 | D:3      | Noticed Natasha
  1930 | D:3      | Killed Natasha
  1931 | D:3      | Reached skill level 4 in Earth Magic
  1931 | D:3      | Reached XP level 5. HP: 39/45 MP: 1/6
  1949 | D:3      | Noticed Natasha
  1962 | D:3      | Killed Natasha
  2312 | D:3      | You fall into a shaft and drop 2 floors!
  2312 | D:5      | Entered Level 5 of the Dungeon
  2396 | D:5      | Noticed Grinder
  2404 | D:5      | Paralysed by Grinder for 3 turns
  2422 | D:5      | Killed Grinder
  2423 | D:5      | Reached XP level 6. HP: 53/53 MP: 1/7
  2524 | D:5      | Reached * piety under Yredelemnul
  2631 | D:4      | Found an ornate altar of the Wu Jian Council.
  2631 | D:4      | Found a snail-covered altar of Cheibriados.
  2633 | D:4      | Found a glowing golden altar of the Shining One.
  2633 | D:4      | Found a broken altar of Ashenzari.
  2633 | D:4      | Found a sand-covered staircase.
  2633 | D:4      | Noticed Menkaure
  2642 | D:4      | Reached skill level 5 in Earth Magic
  2646 | D:4      | Slain by Menkaure

Illustrated notes

Levels and vault maps discovered:
D:1:      dpeg_arrival_orchard, layout_basic, columned_hall_lemuel,
          roderic_lattice_a
D:2:      layout_rooms, kennysheep_ying_yang,
          chequers_ecumenical_altar_simple_redux
D:3:      layout_rooms, uniq_natasha
D:4:      layout_loops_ring, chequers_temple_overflow_statue_of_worship,
          minmay_temple_entry_gardened_gates, enter_ossuary_1, uniq_menkaure
D:5:      layout_loops_ring, uniq_grinder, uniq_edmund

Skill      XL: |  1  2  3  4  5  6 |
---------------+-------------------+-----
Earth Magic    | 3 4 5 |  5.0
Unarmed Combat | 1 2 3 |  3.2
Maces & Flails | 1 |  1.8
Dodging        | 2 |  2.2
Spellcasting   | 2 |  2.0
Fighting       | |  0.1
Stealth        | |  1.2
Transmutations | |  0.6

Action                   |  1- 3 |  4- 6 || total
-------------------------+-------+-------++-------
Melee: Unarmed           |    53 |   100 ||   153
 Cast: Sandblast         |    17 |    43 ||    60
Invok: Animate Remains   |       |     1 ||     1
  Use: Potion            |       |     2 ||     2
       Scroll            |       |     3 ||     3
Armor: Robe              |    27 |    30 ||    57
       Skin              |       |     8 ||     8
Dodge: Dodged            |    39 |    53 ||    92
